Map: Oblivion Express

Players

Davien

  • Race: Protoss Protoss
  • Spawn Location: 0:00

DigitalChaos

  • Race: Terran Terran
  • Spawn Location: 12:00

VOD

Have the link to the VOD?

Description

noob v noob lol

Time

  • Played on: June 15, 2022, 6:23 p.m.
  • Length: 11:10
Show
View Real Time Build Order
Export as new Build Order

Davien Protoss 

Build Orders:  

Get SALT Encoding   

  13  0:10  Probe (Chrono Boost)  
  14  0:20  Probe (Chrono Boost)  
  14  0:29  Probe (Chrono Boost)  
  15  0:36  Pylon  
  15  0:39  Probe (Chrono Boost)  
  16  0:50  Probe (Chrono Boost)  
  18  1:00  Probe (Chrono Boost)  
  18  1:04  Gateway  
  18  1:09  Probe (Chrono Boost)  
  19  1:19  Probe (Chrono Boost)  
  20  1:29  Probe (Chrono Boost)  
  21  1:39  Probe (Chrono Boost)  
  22  1:48  Assimilator  
  22  1:53  Probe (Chrono Boost)  
  23  2:20  Pylon  
  23  2:21  Probe (Chrono Boost)  
  24  2:31  Probe (Chrono Boost)  
  24  2:32  Forge  
  24  2:36  Forge  
  25  2:40  Gateway  
  25  2:55  Pylon  
  25  3:22  Photon Cannon  
  25  3:23  Photon Cannon  
  25  3:27  Photon Cannon  
  25  3:34  Photon Cannon  
  25  3:57  Photon Cannon  
  25  4:08  Pylon  
  25  4:20  Photon Cannon  
  25  4:21  Photon Cannon  
  25  4:48  Khaydarin Monolith  
  24  6:22  Photon Cannon  
  24  6:34  Pylon  
  24  6:36  Khaydarin Monolith  
  24  7:56  Probe (Chrono Boost)  
  25  8:10  Photon Cannon  
  25  8:11  Photon Cannon  
  25  8:14  Photon Cannon  
  25  9:00  Pylon  
  25  9:02  Khaydarin Monolith  
  25  9:30  Khaydarin Monolith  
  25  10:13  Pylon  
  25  10:17  Khaydarin Monolith  
  25  10:44  Photon Cannon  
  25  10:48  Photon Cannon  
  25  10:49  Photon Cannon  
Show
View Real Time Build Order
Export as new Build Order

DigitalChaos Terran 

Build Orders:  

Get SALT Encoding   

  13  0:18  Barracks  
  12  0:24  SCV  
  13  0:39  SCV  
  13  0:47  Refinery  
  14  0:54  SCV  
  15  1:11  Refinery  
  15  1:23  Unknown  
  15  1:58  Elite Marine  
  19  2:22  Refinery  
  19  2:24  Refinery  
  19  2:36  Engineering Bay  
  19  3:04  SCV  
  20  3:20  Barracks Tech Lab  
  20  3:29  Engineering Bay  
  20  3:32  Defensive Drone  
  19  3:43  Defensive Drone  
  19  3:47  Defensive Drone  
  19  4:46  Super Stimpack  
  17  5:05  Defensive Drone  
  16  5:10  Defensive Drone  
  7  5:51  SCV  
  7  6:05  SCV  
  8  6:20  SCV  
  9  6:35  SCV  
  6  6:50  SCV  
  1  10:12  Instant Regeneration  
Tags
 
Add a new tag
Caveats
  • Supply blocks, unpowered buildings, or Contaminate may cause inaccurate times.
  • Supply counts are checked every 10 seconds.